 Dungeon Crawl Stone Soup version 0.31.0-9-g3a7656b989 (webtiles) character file.

Game seed: 10391604454663143686

49 qw the Shooter (level 3, 0/20 HPs)
             Began as a Deep Elf Hunter on Feb 2, 2024.
             Slain by an adder (4 damage)
             ... on level 2 of the Dungeon.
             The game lasted 00:00:03 (1336 turns).

qw the Shooter (Deep Elf Hunter)                    Turns: 1336, Time: 00:00:04

Health: 0/20       AC:  3    Str: 10    XL:     3   Next: 53%
Magic:  5/5        EV: 12    Int: 13    God:
Gold:   48         SH:  0    Dex: 18    Spells: 2/2 levels left

rFire   . . .        a - +0 shortbow (heavy)
rCold   . . .        (shield currently unavailable)
rNeg    . . .        c - +0 leather armour
rPois   .            (no helmet)
rElec   .            (no cloak)
rCorr   .            (no gloves)
SInv    .            (no boots)
Will    .....        (no amulet)
Stlth   ++           (no ring)
HPRegen 0.23/turn    (no ring)
MPRegen 0.09/turn

%: no passive effects
@: lethally poisoned (0 -> -3)
A: no striking features
a: no special abilities


You were on level 2 of the Dungeon.
You visited 1 branch of the dungeon, and saw 2 of its levels.

You collected 48 gold pieces.


   Skills:
 - Level 1.5 Fighting
 + Level 7.1 Ranged Weapons
 - Level 2.4 Dodging
 - Level 1.2 Stealth


You had 2 spell levels left.
You didn't know any spells.
Your spell library was empty.

Inventory:

Hand Weapons
 a - a +0 heavy shortbow (weapon)
Armour
 c - a +0 leather armour (worn)
Jewellery
 j - a ring of ice
Scrolls
 f - a scroll of blinking {unknown}
 g - a scroll of identify
Potions
 b - a potion of attraction {unknown}
 d - a potion of heal wounds {unknown}
 e - a potion of mutation
 h - a potion of magic {unknown}
 i - a potion of enlightenment {unknown}

Dungeon Overview and Level Annotations

Branches:
Dungeon (2/15)

Altars:


Message History

You are poisoned.
The adder poisons you!
You shoot an arrow.
The arrow hits the adder but does no damage.
The adder is severely wounded.
You feel sick. The adder completely misses you. The adder misses you.
You shoot an arrow. The arrow barely misses the adder.
You feel sick.
You are no longer poisoned.
The adder bites you. The adder closely misses you.
You shoot an arrow. The arrow hits the adder.
You kill the adder!
Your Ranged Weapons skill increases to level 7!
You start resting.
HP restored.
You open the door.
There is an open door here.
An adder comes into view.
You shoot an arrow. The arrow hits the adder.
The adder hisses angrily.
The adder is heavily wounded.
You shoot an arrow. The arrow closely misses the adder.
The adder bites you. x2
You shoot an arrow. The arrow barely misses the adder.
The adder closely misses you. The adder bites you.
You shoot an arrow. The arrow barely misses the adder.
The adder misses you. The adder closely misses you.
You shoot an arrow. The arrow closely misses the adder.
The adder bites you but does no damage. x2
You shoot an arrow. The arrow hits the adder.
The adder is heavily wounded.
The adder bites you.
You are poisoned.
The adder poisons you! The adder bites you. The adder closely misses you.
You shoot an arrow. The arrow misses the adder.
You feel very sick. The adder misses you. The adder closely misses you.
You shoot an arrow. The arrow misses the adder.
You feel sick. The adder bites you.
You die...

........####.# ###..##
#######'####.# #....##
#..........#.# #.##...
#.####.....#.# #.#....
#.....#.#+#### #.#.###
#.....#......# #.#.# #
#.....#......# #.#.# #
.#######.....#......##
#.#.# #
......%......'@.......
#.#.###
########.....##S....##
#.#....
..............+.....#
#.#####
###############..!..#
# .....# .....# .....#
.....#


You could see an adder.

Vanquished Creatures
  2 adders (D:2)
  5 ball pythons
  2 giant cockroaches
  3 goblins (D:1)
  4 hobgoblins
  2 kobolds (D:1)
  2 quokkas (D:1)
  4 bats
  6 rats
30 creatures vanquished.

Notes
Turn   | Place    | Note
-------+----------+-------------------------------------------
     0 | D:1      | qw the Deep Elf Hunter began the quest for the Orb.
     0 | D:1      | Reached XP level 1. HP: 12/12 MP: 3/3
     0 | D:1      | 0 ||| qw: Version: 0.3-a-155-g5e7d8dd
     0 | D:1      | 0 ||| qw: Game counter: 118
     0 | D:1      | 0 ||| qw: Melee chars always use a shield: true
     0 | D:1      | 0 ||| qw: God list: Okawaru
     0 | D:1      | 0 ||| qw: Allow faded altars: false
     0 | D:1      | 0 ||| qw: Do Orc after clearing Dungeon:15 true
     0 | D:1      | 0 ||| qw: Do second Lair branch before Depths: true
     0 | D:1      | 0 ||| qw: Lair rune preference: random
     0 | D:1      | 0 ||| qw: Goals: Normal
     0 | D:1      | 0 ||| PLANNING D:1-11
   365 | D:1      | Reached XP level 2. HP: 16/16 MP: 4/4
   377 | D:1      | Reached skill level 6 in Ranged Weapons
   769 | D:1      | 769 ||| READING 2 scrolls labelled NOTOFO DUTIWA.
   769 | D:1      | 769 ||| IDENTIFYING lumpy silvery potion
   770 | D:1      | 770 ||| READING scroll of identify.
   770 | D:1      | 770 ||| IDENTIFYING metallic yellow potion
   771 | D:1      | 771 ||| READING scroll labelled QIKIUT LODYOW.
   771 | D:1      | 771 ||| BRANDING +0 shortbow.
   772 | D:1      | 772 ||| DROPPING scroll of butterflies.
   773 | D:1      | 773 ||| DROPPING potion of berserk rage.
  1071 | D:2      | Reached XP level 3. HP: 20/20 MP: 5/5
  1256 | D:2      | HP: 5/20 [adder (3)]
  1258 | D:2      | Reached skill level 7 in Ranged Weapons
  1335 | D:2      | HP: 5/20 [poisoned by an adder]
  1336 | D:2      | Slain by an adder

Levels and vault maps discovered:
D:1:      nzn_arrival_settlement, layout_loops_corners,
          chequers_serial_rivers_small_a
D:2:      layout_basic, nicolae_concentric_dashed_squares_wild,
          serial_park_tiny_2

Skill      XL: |  1  2  3 |
---------------+----------+-----
Ranged Weapons | 6 7 |  7.1
Fighting       | |  1.5
Dodging        | |  2.4
Stealth        | |  1.2

Action                     || total
---------------------------++-------
   Fire: Shortbow          ||    76
    Use: Scroll            ||     3
 Armour: Leather armour    ||    18
  Dodge: Dodged            ||    25

Table legend:
 A = Non-vault XP
 B = Vault XP
 C = Vault XP percentage of total XP
 D = Non-vault monster count
 E = Vault monster count
 F = Vault count percentage of total count
                 A         B        C        D         E       F
            +---------+---------+-------+---------+---------+-------
      Total |      71 |       0 |   0.0 |      30 |       0 |   0.0
            +---------+---------+-------+---------+---------+-------
        D:1 |      31 |       0 |   0.0 |      19 |       0 |   0.0
        D:2 |      40 |       0 |   0.0 |      11 |       0 |   0.0
            +---------+---------+-------+---------+---------+-------
